 Dungeon Crawl Stone Soup version 0.27.1-33-g824d729ab1 (webtiles) character file.

Game seed: 731250805862685301

67 AntonIG04 the Ducker (level 3, -3/36 HPs)
             Began as a Troll Fighter on Jan 1, 2022.
             Slain by a gnoll (11 damage)
             ... on level 2 of the Dungeon.
             The game lasted 00:27:05 (1540 turns).

AntonIG04 the Ducker (Troll Fighter)                Turns: 1540, Time: 00:27:06

Health: -3/36      AC:  4    Str: 25    XL:     3   Next: 98%
Magic:  2/2        EV:  8    Int:  4    God:
Gold:   85         SH:  9    Dex:  9    Spells: 2/2 levels left

rFire    . . .     SeeInvis .   a - +0 flail
rCold    . . .     Faith    .   c - +0 kite shield
rNeg     . . .     Spirit   .   b - +0 robe
rPois    .         Reflect  .   (helmet restricted)
rElec    .         Harm     .   (no cloak)
rCorr    .         Rampage  .   (gloves unavailable)
Will     .....                  (boots unavailable)
Stlth    +.........             (no amulet)
HPRegen  1.12/turn              (no ring)
MPRegen  0.08/turn              (no ring)

@: no status effects
A: large, unfitting armour, claws 3, regeneration 1, shaggy fur 1, tough skin 1
a: no special abilities


You were on level 2 of the Dungeon.
You visited 1 branch of the dungeon, and saw 2 of its levels.

You collected 85 gold pieces.

Inventory:

Hand Weapons
 a - a +0 flail (weapon)
 g - a +0 whip
 k - a +0 dagger
 p - a +0 club
 r - a +0 club
 v - a +0 flail
 w - a +0 whip
Missiles
 i - 18 poisoned darts (quivered)
 t - 8 boomerangs
 u - 10 stones
Armour
 b - a +0 robe (worn)
 c - a +0 kite shield (worn)
 e - a +0 leather armour
Scrolls
 f - a scroll of fog {unknown}
 h - 2 scrolls of magic mapping {unknown}
 l - a scroll of amnesia {unknown}
 m - 4 scrolls of identify {unknown}
 n - a scroll of brand weapon {unknown}
 s - 2 scrolls of teleportation {unknown}
Potions
 d - a potion of might
 j - a potion of curing {unknown}
 o - a potion of mutation {unknown}
 q - a potion of attraction {unknown}
 x - 2 potions of cancellation {unknown}


   Skills:
 + Level 2.7 Fighting
 + Level 2.4 Maces & Flails
 + Level 3.0 Dodging
 + Level 2.9 Shields


You had 2 spell levels left.
You didn't know any spells.
Your spell library was empty.

Dungeon Overview and Level Annotations

Branches:
Dungeon (2/15)

Altars:


Innate Abilities, Weirdness & Mutations

You are too large for most types of armour.
You have claws for hands.
Your natural rate of healing is unusually fast.
You are covered in fur. (AC +1)
You have tough skin. (AC +1)


Message History

Things that are here:
a +0 club; a goblin corpse You block the frilled lizard's attack.
You miss the frilled lizard.
You block the frilled lizard's attack. x2
You closely miss the frilled lizard. You block the frilled lizard's attack.
You miss the frilled lizard. You block the frilled lizard's attack.
The frilled lizard bites you but does no damage.
You miss the frilled lizard.
The frilled lizard completely misses you.
You sock the frilled lizard!
You kill the frilled lizard!
You see here a frilled lizard corpse.
s - 2 scrolls labelled OJUBRUALURR (gained 1)
m - 4 scrolls labelled QADAGA HAMUIB (gained 1)
Found a stone staircase leading down.
A gnoll comes into view. It is wielding a +0 whip.
The gnoll shouts!
You hear a shout!
A gnoll comes into view. It is wielding a +0 spear.
The gnoll shouts!
A gnoll comes into view. It is wielding a +0 halberd.
The gnoll shouts!
You block the gnoll's attack.
You sock the gnoll!
The gnoll is almost dead.
The gnoll hits you with a +0 whip.
The gnoll hits you from afar with a +0 spear.
You closely miss the gnoll.
The gnoll is almost dead.
You block the gnoll's attack. The gnoll closely misses you.
The gnoll hits you from afar with a +0 spear.
You block the gnoll's attack.
The gnoll hits you from afar with a +0 spear.
Found a book of Minor Magic.
The gnoll hits you with a +0 whip. The gnoll hits you with a +0 halberd.
The gnoll barely misses you.
You hit the gnoll.
The gnoll is heavily wounded.
The gnoll barely misses you. x2; The gnoll hits you with a +0 spear!
* * * LOW HITPOINT WARNING * * *
The gnoll hits you with a +0 halberd!
You die...

#........ #.####### #.# #.#
### ##########.#
###>..g.g....#
#......@g....#
#.########...# #.# :# ...##
#####.######## .....
#.............# # ##.##.##
#.............# #. .. ..
#.............## #. ##.##.
#.............##.#.. ....
#.............##.#..###.####


You could see 3 gnolls.

Vanquished Creatures
  3 adders (D:2)
  2 worms (D:2)
  A dart slug (D:2)
  4 endoplasms
  2 giant cockroaches
  7 goblins
  A hobgoblin (D:1)
  A quokka (D:1)
  3 ball pythons
  5 bats
  2 frilled lizards
  A kobold (D:1)
  A rat (D:1)
33 creatures vanquished.

Notes
Turn   | Place    | Note
-------+----------+-------------------------------------------
     0 | D:1      | AntonIG04 the Troll Fighter began the quest for the Orb.
     0 | D:1      | Reached XP level 1. HP: 22/22 MP: 0/0
   340 | D:1      | Reached XP level 2. HP: 29/29 MP: 1/1
   846 | D:2      | Reached XP level 3. HP: 36/36 MP: 2/2
  1501 | D:2      | Reached skill level 3 in Dodging
  1540 | D:2      | Slain by a gnoll

Illustrated notes

Levels and vault maps discovered:
D:1:      dpeg_arrival_round_a, layout_basic, amcnicky_mini_pool_small,
          st_stairs_12, fountainhead
D:2:      layout_basic, shapermc_ecumenical_altar_mp_highgroup

Skill      XL: |  1  2  3 |
---------------+----------+-----
Maces & Flails | 2 |  2.4
Dodging        | 3 |  3.0
Fighting       | |  2.7
Shields        | |  2.9

Action                   || total
-------------------------++-------
Melee: Flail             ||    98
Armor: Robe              ||    44
Dodge: Dodged            ||    35
Block: Kite shield       ||    74
